Map: [ESL] Site Delta

Players

Bly

  • Race: Zerg Zerg
  • Spawn Location: 11:00

GunGFuBanDa - Winner!

  • Race: Protoss Protoss
  • Spawn Location: 5:00

Event: ESL SC2 Masters 2024 Spring (Regional)

VOD

Have the link to the VOD?

Description

Time

  • Played on: April 16, 2024, 2:14 p.m.
  • Length: 13:34

All games in this series

Show
View Real Time Build Order
Export as new Build Order

Bly Zerg 

Build Orders: Hatch First 

Get SALT Encoding   

  12  0:00  Drone  
  13  0:12  Overlord  
  13  0:17  Drone  
  14  0:30  Drone x2  
  16  0:42  Drone  
  17  1:02  Drone, Hatchery  
  17  1:18  Spawning Pool  
  16  1:19  Drone x2  
  18  1:26  Drone  
  18  1:28  Extractor  
  18  1:34  Drone  
  19  1:45  Drone  
  20  1:54  Overlord  
  20  2:05  Queen  
  22  2:16  Queen  
  22  2:17  Zergling x4  
  22  2:19  Zergling x2  
  27  2:27  Drone x2  
  29  2:35  Metabolic Boost  
  29  2:40  Drone x2  
  30  2:54  Hatchery  
  30  2:58  Drone x2  
  31  3:01  Zergling x4  
  31  3:05  Queen  
  33  3:10  Overlord  
  35  3:17  Drone  
  36  3:25  Overlord  
  36  3:31  Drone x5  
  41  3:44  Queen x2  
  41  3:47  Drone x2  
  47  3:59  Drone x5  
  52  4:02  Overlord  
  52  4:09  Overlord  
  52  4:11  Roach Warren  
  51  4:19  Overlord  
  51  4:28  Zergling x12  
  51  4:31  Drone x5  
  61  4:41  Extractor  
  61  4:43  Spore Crawler  
  65  4:52  Roach  
  65  4:53  Roach x5  
  71  5:01  Roach x2  
  74  5:07  Overlord  
  74  5:08  Overlord x3  
  69  5:29  Drone x10  
  77  5:41  Drone x3  
  71  5:53  Lair  
  71  6:01  Drone x7  
  77  6:12  Drone x3  
  80  6:19  Overlord  
  80  6:21  Queen x2  
  80  6:22  Overlord x2  
  84  6:32  Overlord x2, Extractor  
  83  6:41  Spore Crawler  
  83  6:44  Spore Crawler  
  79  6:47  Drone  
  79  6:48  Drone x6, Hatchery  
  81  6:56  Hydralisk Den, Queen  
  82  7:04  Drone x11  
  82  7:08  Glial Reconstitution  
  93  7:13  Drone x5  
  98  7:16  Overlord, Extractor  
  95  7:23  Roach x4  
  95  7:29  Muscular Augments  
  103  7:30  Extractor  
  103  7:31  Extractor  
  103  7:32  Roach x2  
  105  7:40  Hydralisk x3  
  105  7:41  Roach  
  98  8:00  Drone x7  
  105  8:07  Drone  
  105  8:08  Drone x6  
  107  8:26  Hydralisk x4  
  107  8:27  Hydralisk x3  
  107  8:35  Drone x5  
  107  8:38  Drone  
  107  8:39  Drone x7  
  119  8:43  Tunneling Claws  
  119  8:44  Burrow  
  119  8:47  Spore Crawler  
  114  8:58  Drone x6  
  114  9:00  Overlord x6  
  114  9:01  Spore Crawler  
  119  9:07  Overlord  
  119  9:16  Evolution Chamber, Overlord  
  118  9:17  Grooved Spines  
  118  9:18  Infestation Pit  
  118  9:19  Hydralisk x4  
  125  9:28  Drone x8  
  129  9:39  Ravager x5  
  129  9:42  Hatchery  
  133  9:46  Roach x5  
  134  9:55  Hydralisk x3  
  134  9:57  Zergling x8  
  137  10:06  Roach x5  
  146  10:18  Infestor  
  146  10:19  Hatchery  
  147  10:27  Overlord  
  147  10:28  Overlord  
  147  10:31  Overlord x5  
  147  10:42  Roach x7  
  147  10:44  Overlord  
  147  10:45  Hive  
  147  10:48  Spire  
  146  10:54  Hydralisk x5  
  156  10:58  Roach  
  156  10:59  Roach x6  
  155  11:16  Roach x11  
  167  11:30  Hydralisk x3  
  167  11:31  Hydralisk x2  
  177  11:36  Roach  
  177  11:38  Extractor  
  154  11:42  Extractor  
  154  11:43  Roach  
  151  11:48  Evolution Chamber  
  150  11:57  Roach x12  
  147  12:01  Corruptor x3  
  147  12:02  Corruptor x2  
  147  12:03  Zergling x14  
  162  12:14  Zergling x8  
  162  12:15  Zergling x8  
  170  12:28  Baneling Nest  
  143  12:45  Hydralisk x10  
  143  12:46  Zergling x2  
  143  12:49  Roach  
  135  12:52  Hydralisk x2  
  135  12:53  Hydralisk  
  115  13:02  Hydralisk x4  
Show
View Real Time Build Order
Export as new Build Order

GunGFuBanDa Protoss - Winner!

Build Orders:  

Get SALT Encoding   

  12  0:00  Probe  
  13  0:12  Probe  
  14  0:17  Pylon  
  14  0:24  Probe (Chrono Boost)  
  15  0:36  Probe (Chrono Boost)  
  15  0:38  Gateway  
  16  0:44  Probe (Chrono Boost)  
  16  0:48  Assimilator  
  17  0:50  Probe  
  18  1:03  Probe  
  19  1:18  Probe  
  20  1:24  Pylon  
  20  1:30  Zealot, Cybernetics Core, Probe  
  20  1:32  Pylon  
  23  1:53  Nexus  
  23  1:56  Probe  
  23  2:00  Assimilator  
  24  2:05  Adept (Chrono Boost)  
  26  2:10  Probe (Chrono Boost)  
  26  2:13  Warp Gate  
  27  2:22  Pylon, Probe (Chrono Boost)  
  28  2:30  Probe (Chrono Boost)  
  28  2:32  Adept  
  31  2:40  Probe  
  32  2:52  Probe  
  32  2:54  Twilight Council  
  33  3:05  Probe (Chrono Boost), Gateway  
  34  3:10  Probe (Chrono Boost)  
  35  3:15  Probe (Chrono Boost)  
  35  3:18  Probe (Chrono Boost)  
  35  3:19  Gateway  
  37  3:20  Probe (Chrono Boost)  
  38  3:28  Gateway  
  38  3:30  Probe  
  38  3:31  Resonating Glaives (Chrono Boost)  
  38  3:33  Probe  
  40  3:42  Probe  
  40  3:45  Probe  
  42  3:54  Probe  
  43  3:59  Probe  
  43  4:02  Stalker  
  46  4:04  Adept  
  46  4:05  Pylon  
  46  4:06  Probe  
  46  4:09  Assimilator  
  49  4:11  Probe  
  49  4:12  Assimilator  
  49  4:13  Adept  
  52  4:18  Probe  
  52  4:21  Stargate  
  52  4:23  Stargate  
  55  4:34  Adept  
  55  4:36  Adept  
  55  4:37  Adept x2  
  61  4:38  Pylon  
  61  4:49  Probe  
  61  4:52  Pylon  
  62  4:56  Probe  
  62  4:59  Adept  
  65  5:00  Adept  
  65  5:01  Probe  
  65  5:04  Protoss Air Weapons Level 1  
  68  5:07  Phoenix (Chrono Boost)  
  68  5:10  Probe  
  68  5:14  Probe  
  72  5:17  Phoenix (Chrono Boost)  
  74  5:21  Pylon  
  74  5:22  Probe  
  72  5:35  Phoenix  
  68  5:42  Phoenix  
  68  5:44  Probe x2  
  68  5:47  Shield Battery  
  68  5:49  Pylon  
  64  5:54  Adept  
  66  5:58  Pylon  
  66  6:03  Phoenix (Chrono Boost)  
  68  6:07  Phoenix (Chrono Boost), Adept  
  68  6:08  Adept  
  74  6:17  Pylon  
  74  6:20  Stalker, Adept  
  80  6:28  Phoenix (Chrono Boost)  
  80  6:29  Phoenix (Chrono Boost)  
  82  6:40  Nexus  
  82  6:42  Pylon  
  82  6:49  Phoenix (Chrono Boost)  
  86  6:54  Phoenix (Chrono Boost)  
  86  6:56  Adept x4  
  92  7:03  Probe  
  92  7:05  Phoenix (Chrono Boost)  
  92  7:08  Shield Battery  
  95  7:15  Robotics Facility  
  95  7:16  Robotics Facility  
  95  7:25  Probe x2 (Chrono Boost)  
  97  7:32  Zealot, Sentry  
  97  7:35  Probe x2 (Chrono Boost)  
  103  7:37  Pylon  
  103  7:40  Probe x2 (Chrono Boost)  
  103  7:52  Probe  
  98  8:00  Probe  
  98  8:01  Sentry, Stalker, Probe  
  98  8:02  Immortal (Chrono Boost)  
  112  8:19  Zealot x2, Shield Battery, Probe  
  113  8:20  Immortal (Chrono Boost)  
  113  8:21  Probe  
  113  8:22  Forge  
  110  8:31  Immortal (Chrono Boost)  
  114  8:38  Probe x2  
  114  8:39  Zealot, Sentry, Probe  
  117  8:42  Assimilator  
  117  8:47  Assimilator  
  117  8:49  Immortal (Chrono Boost)  
  117  8:51  Charge (Chrono Boost)  
  117  8:55  Protoss Ground Weapons Level 1  
  119  9:03  Immortal  
  119  9:06  Gateway  
  119  9:07  Photon Cannon  
  123  9:16  Adept x4  
  131  9:17  Observer  
  132  9:34  Gateway  
  132  9:37  Gateway  
  132  9:42  Pylon  
  132  9:44  Pylon  
  132  9:49  Immortal (Chrono Boost)  
  132  9:52  Immortal (Chrono Boost)  
  132  10:05  Zealot, Adept  
  136  10:13  Gateway  
  135  10:15  Pylon  
  135  10:17  Pylon  
  135  10:21  Immortal (Chrono Boost)  
  135  10:27  Immortal (Chrono Boost)  
  143  10:29  Pylon, Templar Archives  
  143  10:32  Pylon  
  143  10:34  Nexus  
  143  10:36  Pylon  
  143  10:37  Adept  
  143  10:38  Adept  
  143  10:41  Zealot x5  
  157  10:48  Photon Cannon, Probe x3  
  160  11:03  Zealot x2  
  164  11:06  Observer (Chrono Boost)  
  164  11:09  Zealot x6, Observer (Chrono Boost)  
  177  11:19  Shield Battery  
  177  11:29  High Templar x3  
  177  11:30  High Templar x2  
  177  11:31  High Templar  
  189  11:38  Archon x2  
  189  11:39  Archon  
  175  11:44  High Templar x2  
  175  11:45  Probe x2  
  177  11:47  Immortal (Chrono Boost), Warp Prism (Chrono Boost), Photon Cannon  
  177  11:51  Archon  
  183  12:00  Probe  
  184  12:05  Zealot x4  
  184  12:06  Zealot x2  
  196  12:12  Forge  
  194  12:33  Zealot  
  194  12:34  Zealot x2  
  154  12:52  Zealot x2  
  154  12:53  Zealot x3  
  164  13:03  Probe  
  146  13:16  Stalker x3  
  146  13:17  Stalker x5  
  156  13:20  Nexus  
Tags
 
Add a new tag
Caveats
  • Supply blocks, unpowered buildings, or Contaminate may cause inaccurate times.
  • Supply counts are checked every 10 seconds.